 Dungeon Crawl Stone Soup version 0.27.1-33-g824d729ab1 (webtiles) character file.

Game seed: 8781011088024652263

114 Descartes the Covert (level 4, -1/21 HPs)
             Began as a Felid Delver on Dec 9, 2021.
             Slain by an adder (4 damage)
             ... on level 3 of the Dungeon.
             The game lasted 00:08:42 (5216 turns).

Descartes the Covert (Felid Delver)                 Turns: 5216, Time: 00:08:42

Health: -1/21      AC:  1    Str:  9    XL:     4   Next: 67%
Magic:  5/5        EV: 19    Int: 11    God:
Gold:   191        SH:  5    Dex: 18    Spells: 3/3 levels left
                                        Lives:  0   Deaths: 1

rFire    . . .     SeeInvis +     - Unarmed
rCold    . . .     Faith    .   (shield unavailable)
rNeg     . . .     Spirit   .   (armour unavailable)
rPois    +         Reflect  +   (helmet unavailable)
rElec    .         Harm     .   (cloak unavailable)
rCorr    .         Rampage  .   (gloves unavailable)
Will     .....                  (boots unavailable)
Stlth    ++++......             m - amulet of reflection
HPRegen  0.07/turn              k - ring of poison resistance
MPRegen  0.09/turn              (no ring)

@: quick
A: very small, claws 1, fangs 3, see invisible, speed 1, shaggy fur 1, stealthy
paws, no weapons or thrown items, no armour, multi-lived
a: no special abilities


You were on level 3 of the Dungeon.
You visited 1 branch of the dungeon, and saw 5 of its levels.

You collected 191 gold pieces.

Inventory:

Missiles
 j - 106 stones
Jewellery
 k - a ring of poison resistance (left paw)
 m - an amulet of reflection (around neck)
 p - a ring of protection from fire
Wands
 d - a wand of mindburst (18)
 e - a wand of digging (3)
Scrolls
 a - 2 scrolls of fog
 b - a scroll of magic mapping
 c - 2 scrolls of fear
 f - 4 scrolls of identify {unknown}
 g - a scroll of teleportation {unknown}
 i - a scroll of noise {unknown}
 l - a scroll of blinking {unknown}
 n - 2 scrolls of amnesia {unknown}
Potions
 h - 3 potions of curing {unknown}
 o - a potion of heal wounds {unknown}


   Skills:
 - Level 3.0 Fighting
 + Level 4.5 Dodging
 * Level 8.5 Stealth
 + Level 3.3 Unarmed Combat
 + Level 1.4 Evocations


You had 3 spell levels left.
You didn't know any spells.
Your spell library was empty.

Dungeon Overview and Level Annotations

Branches:
Dungeon (5/15)
 Temple: D:4-7

Altars:
Ashenzari
Dithmenos
Elyvilon
Okawaru

Annotations:
D:3 Natasha
D:4 Sigmund


Innate Abilities, Weirdness & Mutations

You have sharp claws.
You have razor-sharp teeth.
You have supernaturally acute eyesight. (SInv)
You cover ground quickly. (Speed+)
You are covered in fur. (AC +1)
Your paws help you pounce on unaware monsters.
You are incapable of wielding weapons or throwing items.
You cannot wear armour.
You gain extra lives every three experience levels.


Message History

You scratch Sigmund.
Sigmund is moderately wounded.
The adder hisses angrily.
You scratch Sigmund.
Sigmund is moderately wounded.
You block Sigmund's attack.
You scratch Sigmund but do no damage.
Sigmund is moderately wounded.
The scorpion misses you.
You scratch Sigmund but do no damage. You bite Sigmund, but do no damage.
Sigmund is moderately wounded.
Sigmund hits you with a +0 scythe!
Ouch! That really hurt!
* * * LOW HITPOINT WARNING * * *
The scorpion completely misses you.
You are too injured to fight recklessly!
You are too injured to fight recklessly!
You are too injured to fight recklessly!
Sigmund mumbles some strange words.
Sigmund flickers and vanishes for a moment.
There is an open door, spattered with blood here.
There is an open door here.
The adder bites you.
* * * LOW HITPOINT WARNING * * *
You closely miss the adder. The adder misses you.
You closely miss the adder. The adder bites you but does no damage.
There is an open door here.
The adder bites you.
* * * LOW HITPOINT WARNING * * *
The adder barely misses you. The adder misses you.
You see here a +0 short sword.
There is a stone staircase leading up here.
You block the adder's attack. The adder bites you.
* * * LOW HITPOINT WARNING * * *
You climb upwards.
Level annotation: Natasha
There is a stone staircase leading down here.
You scratch the adder but do no damage. The adder bites you.
You die...

#.# #h# #.....# # #.#
#.###.....###### # #.#
#..............# # #.#
#####.....####.# # #.#
#####......###.# # #.#
#........#.....# # #.#
#..........##..# #
#.###..######.###..####
#.##..@S....#..........
#.##...####.#####..####
####.##...#
#.#####..####
#....##...#
#............
#.#####...#
#######..###. #.#
#...#######.....# #.
#.# #..............##
#. #.# #.#.#####...####
#. #.# #.#.###
#.#########.


You could see an adder.

Vanquished Creatures
  A bullfrog skeleton (D:4)
  2 orc wizards
  Natasha (twice) (D:4)
  2 adders
  2 dart slugs
  4 orcs
  4 ball pythons
  6 bats
  7 endoplasms
  4 giant cockroaches
  8 goblins
  4 hobgoblins
  4 jackals (D:1)
  4 kobolds
  2 quokkas
  7 frilled lizards
  6 rats
69 creatures vanquished.

Notes
Turn   | Place    | Note
-------+----------+-------------------------------------------
     0 | D:5      | Descartes the Felid Delver began the quest for the Orb.
     0 | D:5      | Reached XP level 1. HP: 10/10 MP: 2/2
    26 | D:4      | Noticed Natasha
    27 | D:4      | Killed Natasha
    28 | D:4      | Reached skill level 7 in Stealth
    28 | D:4      | Reached XP level 2. HP: 14/14 MP: 3/3
    49 | D:4      | Reached XP level 3. HP: 8/17 MP: 4/4
   383 | D:3      | Found a white marble altar of Elyvilon.
   587 | D:3      | Found an iron altar of Okawaru.
  1552 | D:2      | Reached XP level 4. HP: 21/21 MP: 5/5
  2484 | D:1      | Found a faded altar of an unknown god.
  3394 | D:2      | Reached skill level 8 in Stealth
  3394 | D:2      | Reached skill level 1 in Evocations
  3394 | D:2      | Reached XP level 5. HP: 24/24 MP: 6/6
  3630 | D:3      | Found a shadowy altar of Dithmenos.
  4104 | D:4      | Found a broken altar of Ashenzari.
  4863 | D:4      | Noticed Natasha
  4870 | D:4      | Killed Natasha
  5011 | D:4      | Noticed Natasha
  5027 | D:3      | Killed from afar by Natasha
  5028 | D:3      | Reached XP level 4. HP: 0/21 MP: 5/5
  5134 | D:4      | Noticed Sigmund
  5216 | D:3      | Slain by an adder

Illustrated notes

Levels and vault maps discovered:
D:1:      lemuel_arrival_funnel, layout_loops_ring,
          hellmonk_ecumenical_altar_leap_of_faith, minmay_crystal_water,
          amcnicky_mini_rare_corridor_liquid
D:2:      layout_loops_corners, fountainhead, hangedman_decor_clover_reticule,
          minmay_pentomino_t4
D:3:      layout_loops_ring, grunt_dithmenos_smoke_and_mirrors,
          nicolae_elyvilon_peaceful_grove, okawaru_trees_1
D:4:      layout_basic, ashenzari_altar_1, uniq_natasha, uniq_sigmund,
          uniq_menkaure
D:5:      layout_loops_ring, minmay_temple_entry_mini_moons,
          uniq_crazy_yiuf_cottage

Skill      XL: |  1  2  3  4 |
---------------+-------------+-----
Dodging        | 3 4 |  4.5
Stealth        | 7 8 |  8.5
Unarmed Combat | 3 |  3.3
Evocations     | 1 |  1.4
Fighting       | |  3.0

Action                   |  1- 3 |  4- 6 || total
-------------------------+-------+-------++-------
Melee: Unarmed           |    48 |   148 ||   196
       Bite              |     5 |     7 ||    12
       Punch             |       |     2 ||     2
  Use: Potion            |       |     1 ||     1
 Stab: Sleeping          |     5 |    21 ||    26
       Distracted        |     1 |       ||     1
Armor: Skin              |     1 |     2 ||     3
Dodge: Dodged            |    39 |    73 ||   112
Block: Other             |       |    29 ||    29
       Reflection        |       |     2 ||     2
